 Dungeon Crawl Stone Soup version 0.29-a0-384-g6960b1960d (webtiles) character file.

Game seed: 10203682861097605398

4410 happo123 the Chopper (level 10, -3/135 (144) HPs)
             Began as a Troll Berserker on May 6, 2022.
             Was an Elder of Trog.
             Slain by an orc warrior
             ... wielding a +0 hand axe
              (9 damage)
             ... on level 8 of the Dungeon.
             The game lasted 00:28:00 (5236 turns).

happo123 the Chopper (Troll Berserker)              Turns: 5236, Time: 00:28:02

HP:   -3/135 (144)  AC:  7    Str: 31    XL:     10   Next: 14%
MP:   9/9           EV: 11    Int:  3    God:    Trog [****..]
Gold: 323           SH:  5    Dex:  9    Spells: 9/9 levels left

rFire   . . .      SeeInvis .   O - +9 war axe "Ketrirch" {vorpal, rPois rC+}
rCold   + . .      Faith    .   (no shield)
rNeg    . . .      Spirit   .   k - +2 robe
rPois   +          Reflect  +   (helmet restricted)
rElec   .          Harm     .   n - +0 cloak
rCorr   .          Rampage  .   (gloves unavailable)
Will    .....                   (boots unavailable)
Stlth   ..........              y - amulet of reflection
HPRegen 1.12/turn               p - ring of poison resistance
MPRegen 0.11/turn               L - ring of flight

@: berserking, flying, drained, very quick
A: large, unfitting armour, claws 3, regeneration 1, shaggy fur 1, tough skin 1
a: Renounce Religion, Berserk, Trog's Hand, Brothers in Arms


You were on level 8 of the Dungeon.
You worshipped Trog.
Trog was greatly pleased with you.
You visited 1 branch of the dungeon, and saw 8 of its levels.
You also visited: Ossuary.

You collected 323 gold pieces.

Inventory:

Hand Weapons
 j - a +5 club
 B - a +2 vorpal hand axe
 N - the +8 hand axe "Haguk" {protect, rF+ rC+ rN+ Int-5}
   (You found it on level 7 of the Dungeon)

   It grants its wielder temporary protection when it strikes (+7 to AC).
   Int:       It affects your intelligence (-5).
   rF:        It protects you from fire.
   rC:        It protects you from cold.
   rN:        It protects you from negative energy.
 O - the +9 war axe "Ketrirch" (weapon) {vorpal, rPois rC+}
   (You found it on level 8 of the Dungeon)

   It inflicts extra damage upon your enemies.
   rC:        It protects you from cold.
   rPois:     It protects you from poison.
Armour
 a - a +0 animal skin
 k - a +2 robe (worn)
 n - a +0 cloak (worn)
Jewellery
 o - a ring of ice
 p - a ring of poison resistance (left claw)
 q - the macabre finger necklace {rN+}
   (You found it on level 3 of the Dungeon)

   [amulet of nothing]

   It enables you to equip an extra ring.
   rN:        It protects you from negative energy.
 y - an amulet of reflection (around neck)
 E - an amulet of guardian spirit
 G - a ring of see invisible
 L - a ring of flight (right claw)
Wands
 u - a wand of charming (6)
 I - a wand of iceblast (10)
 J - a wand of paralysis (8)
Scrolls
 b - 3 scrolls of immolation
 c - 3 scrolls of teleportation
 d - 2 scrolls of poison {unknown}
 e - 2 scrolls of blinking {unknown}
 h - 2 scrolls of vulnerability
 i - a scroll of silence {unknown}
 m - 2 scrolls of identify
 w - 2 scrolls of magic mapping {unknown}
 C - a scroll of fear {unknown}
 D - 2 scrolls of torment {unknown}
 F - a scroll of enchant armour {unknown}
 H - a scroll of enchant weapon {unknown}
 K - a scroll of amnesia {unknown}
Potions
 f - 3 potions of flight {unknown}
 g - 6 potions of curing
 l - 2 potions of mutation
 r - a potion of berserk rage
 s - 3 potions of brilliance
 t - a potion of attraction {unknown}
 v - 4 potions of heal wounds
 x - 3 potions of ambrosia {unknown}
 z - 2 potions of degeneration {unknown}
 A - a potion of cancellation {unknown}
 M - 2 potions of invisibility {unknown}


   Skills:
 + Level 5.3 Fighting
 + Level 7.2 Axes
 + Level 6.4 Dodging
 + Level 0.9 Stealth
 + Level 3.3 Shields
 + Level 6.8 Unarmed Combat


You had 9 spell levels left.
You didn't know any spells.
Your spell library was empty.

Dungeon Overview and Level Annotations

Branches:
Dungeon (8/15)             Temple (0/1) D:7         Ossuary (visited)
   Lair: D:8-11

Altars:

Shops:
D:7 (   D:8 ((


Innate Abilities, Weirdness & Mutations

You are too large for most types of armour.
You have claws for hands.
Your natural rate of healing is unusually fast.
You are covered in fur. (AC +1)
You have tough skin. (AC +1)


Message History

Trog accepts your kill.
You hit the wight.
You destroy the wight!
Trog accepts your kill.
You slice the killer bee!!
You kill the killer bee!
Trog accepts your kill.
You barely miss the orc. The orc hits you but does no damage.
You slice the orc!!
You kill the orc!
Trog accepts your kill.
A wight comes into view. It is wielding a +0 mace.
The orc warrior drinks a potion.
The orc warrior goes berserk!
You closely miss the orc warrior.
The orc warrior hits you with a +0 hand axe!
You hit the orc warrior.
The orc warrior is lightly wounded.
The orc warrior hits you with a +0 hand axe!!
* * * LOW HITPOINT WARNING * * *
The orc warrior hits you with a +0 hand axe.
* * * LOW HITPOINT WARNING * * *
A red film seems to cover your vision as you go berserk!
You feel yourself moving faster!
You feel mighty!
The orc warrior hits you with a +0 hand axe.
* * * LOW HITPOINT WARNING * * *
You block the wight's attack.
You barely miss the orc warrior.
The orc warrior is lightly wounded.
You hit the wight.
The orc warrior hits you with a +0 hand axe!!
* * * LOW HITPOINT WARNING * * *
The wight barely misses you. You block the orc warrior's attack.
You closely miss the orc warrior.
The orc warrior is lightly wounded.
You barely miss the wight. The wight hits you with a +0 mace.
* * * LOW HITPOINT WARNING * * *
You feel drained.
* * * LOW HITPOINT WARNING * * *
The orc warrior hits you with a +0 hand axe!
You die...

#. #.##..# .#
##.#..###
#.#....# y..
#.#..### .⌠z
#....# z..o
###..# .⌠...
#..#####.....
##†#z........
+∩@o..#
#+##..#
#.......#
##........
#...###.###
#.#. .# # #
.# .. ..


You could see an orc warrior (berserk) and a wight.

Vanquished Creatures
  A kobold demonologist (D:7)
  4 yaks (D:8)
  A water moccasin (D:5)
  2 ice beasts
  A sky beast (D:6)
  2 black bears (D:7)
  An ogre (D:7)
  A centaur (D:8)
  A kobold brigand (D:7)
  3 phantoms
  A necrophage (D:8)
  14 scorpions
  3 wights (D:8)
  9 killer bees
  A howler monkey (D:4)
  3 centaur zombies (Ossuary)
  4 hounds
  2 human zombies (Ossuary)
  A jelly (D:7)
  3 iguanas
  6 orc priests
  Jessica (D:2)
  2 orc wizards
  6 scorpion zombies (Ossuary)
  3 mummies (Ossuary)
  3 adders
  4 gnolls (D:7)
  A white imp (D:5)
  An ufetubus (D:5)
  3 worms
  2 dart slugs
  32 orcs
  8 bats
  6 endoplasms
  5 giant cockroaches
  6 goblins
  6 hobgoblins
  2 jackals (D:1)
  4 quokkas
  6 ball pythons
  2 frilled lizards
  3 gnoll zombies (Ossuary)
  4 goblin zombies (Ossuary)
  10 kobolds
  A kobold zombie (Ossuary)
  2 orc zombies (Ossuary)
  2 rats
189 creatures vanquished.

Notes
Turn   | Place    | Note
-------+----------+-------------------------------------------
     0 | D:1      | happo123 the Troll Berserker began the quest for the Orb.
     0 | D:1      | Reached XP level 1. HP: 22/22 MP: 0/0
    41 | D:1      | Reached XP level 2. HP: 29/29 MP: 1/1
   124 | D:1      | Found a faded altar of an unknown god.
   150 | D:1      | Reached ** piety under Trog
   453 | D:2      | Reached XP level 3. HP: 36/36 MP: 2/2
   622 | D:2      | Noticed Jessica
   632 | D:2      | Killed Jessica
  1293 | D:3      | Reached XP level 4. HP: 39/44 MP: 3/3
  1306 | D:3      | Found the macabre finger necklace {rN+}
  1330 | D:3      | Noticed an ice beast
  1339 | D:3      | Killed an ice beast
  1340 | D:3      | Reached XP level 5. HP: 52/52 MP: 4/4
  1351 | D:3      | Reached skill level 5 in Unarmed Combat
  1726 | D:4      | Reached XP level 6. HP: 61/61 MP: 5/5
  1985 | D:4      | Reached *** piety under Trog
  2361 | D:5      | Entered Level 5 of the Dungeon
  2550 | D:5      | Reached XP level 7. HP: 59/67 MP: 6/6
  2900 | D:5      | Reached skill level 1 in Shields
  3159 | D:5      | Reached skill level 1 in Axes
  3333 | D:6      | Reached skill level 2 in Axes
  3333 | D:6      | Reached XP level 8. HP: 39/75 MP: 7/7
  3375 | D:6      | Found a sand-covered staircase.
  3383 | Ossuary  | Entered an ossuary
  3458 | Ossuary  | Reached skill level 3 in Axes
  3460 | Ossuary  | Reached skill level 5 in Dodging
  3571 | Ossuary  | Reached **** piety under Trog
  3582 | Ossuary  | Reached skill level 4 in Axes
  3802 | D:6      | Reached XP level 9. HP: 84/84 MP: 8/8
  3862 | D:6      | Reached skill level 5 in Axes
  4221 | D:7      | Found a staircase to the Ecumenical Temple.
  4231 | D:7      | Noticed a kobold demonologist
  4239 | D:7      | Noticed a sun demon
  4239 | D:7      | Killed a kobold demonologist
  4258 | D:7      | Found Awne's Weapon Shoppe.
  4466 | D:7      | Reached skill level 6 in Axes
  4604 | D:7      | Identified the +8 hand axe "Haguk" {protect, rF+ rC+ rN+
                  | Int-5}
  4606 | D:7      | Lost intelligence.
  5094 | D:8      | Found Comel's Weapon Shoppe.
  5105 | D:8      | Reached skill level 5 in Fighting
  5113 | D:8      | Reached XP level 10. HP: 60/96 MP: 9/9
  5114 | D:8      | Identified the +9 war axe "Ketrirch" {vorpal, rPois rC+}
  5197 | D:8      | Found Culiledu's Weapon Shop.
  5212 | D:8      | Reached skill level 7 in Axes
  5236 | D:8      | HP: 6/135 [wight/+0 mace (1)]
  5236 | D:8      | Slain by an orc warrior

Illustrated notes

Levels and vault maps discovered:
D:1:      dpeg_arrival_connections, layout_basic, serial_forest,
          infiniplex_forest_end_3, infiniplex_forest_clump_diagonal,
          infiniplex_forest_lined_ring, infiniplex_forest_lined_corner,
          ebering_ecumenical_altar_petrified, serial_bayou_crossing
D:2:      layout_loops_corners, dreamdust_mushroom_princess, uniq_jessica
D:3:      layout_rooms
D:4:      layout_gridville
D:5:      layout_basic
D:6:      layout_cave_pools, enter_ossuary_1, serial_park_tiny_2, minivault_27
D:7:      layout_loops_ring, minmay_temple_entry_mist, serial_shops,
          nicolae_take_the_stairs
D:8:      layout_loops_ring, serial_shops, nicolae_shop_behind_doors, shop,
          nicolae_shop_temple_entry_statues_fountains, kennysheep_little_box,
          shop, hangedman_abyss_or_decor_stagger, grunt_decor_clamped,
          grunt_ministairs_10, uniq_joseph

Skill      XL: |  1  2  3  4  5  6  7  8  9 10 |
---------------+-------------------------------+-----
Dodging        | 3 4 5 6 |  6.4
Unarmed Combat | 4 5 6 |  6.8
Fighting       | 3 4 5 |  5.3
Shields        | 1 2 3 |  3.3
Axes           | 2 4 6 7 |  7.2
Stealth        | |  0.9

Action                   |  1- 3 |  4- 6 |  7- 9 | 10-12 || total
-------------------------+-------+-------+-------+-------++-------
Melee: Unarmed           |    79 |   107 |       |       ||   186
       Punch             |     2 |     3 |    23 |       ||    28
       Hand axe          |       |    15 |   386 |       ||   401
       War axe           |       |       |       |    24 ||    24
Invok: Berserk           |     1 |     1 |     2 |     1 ||     5
       Trog's Hand       |       |       |     1 |       ||     1
  Use: Scroll            |       |     3 |     4 |       ||     7
 Stab: Sleeping          |       |       |     1 |       ||     1
Armor: Animal skin       |    19 |       |       |       ||    19
       Robe              |    22 |    42 |   202 |    14 ||   280
Dodge: Dodged            |    60 |    61 |   201 |    13 ||   335
Block: Other             |       |    11 |   121 |    10 ||   142

Table legend: (Time is in decaauts)
 A = Elapsed time spent in this place.
 B = Non-inter-level travel time spent in this place.
 C = Inter-level travel time spent in this place.
 D = Time resting spent in this place.
 E = Time spent auto-exploring this place.
 F = Levels seen in this place.
 G = Mean time per level.
                   A        B        C        D        E       F      G
               +--------+--------+--------+--------+--------+-----+--------+
         Total |   5582 |   5030 |    552 |     97 |   3499 |   9 |  620.2 |
       Dungeon |   5152 |   4600 |    552 |     39 |   3467 |   8 |  644.0 |
       Ossuary |    429 |    429 |      0 |     58 |     32 |   1 |  429.0 |
               +--------+--------+--------+--------+--------+-----+--------+

Top non-repeatable levels by time:
     D:7: 1103 daAuts
     D:5: 932 daAuts
     D:2: 846 daAuts
     D:4: 639 daAuts
     D:6: 549 daAuts
     D:1: 457 daAuts
     D:3: 433 daAuts
 Ossuary: 429 daAuts
     D:8: 191 daAuts
